 Dungeon Crawl Stone Soup version 0.27.1-2-g3b301248ec (webtiles) character file.

Game seed: 13216865155287494957

1612 cummra the Geomancer (level 8, -2/41 HPs)
             Began as a Gargoyle Earth Elementalist on Oct 1, 2021.
             Engulfed by a steam dragon's steam (3 damage)
             ... on level 6 of the Dungeon.
             The game lasted 00:16:21 (6538 turns).

cummra the Geomancer (Gargoyle Earth Elementalist)  Turns: 6538, Time: 00:16:22

Health: -2/41      AC:  9    Str: 11 (12) XL:     8   Next: 95%
Magic:  3/17       EV: 11    Int: 16 (18) God:
Gold:   260        SH:  0    Dex:  8 (10) Spells: 15/19 levels left

rFire    . . .     SeeInvis .   a - +1 whip (drain)
rCold    . . .     Faith    .   (no shield)
rNeg     + . .     Spirit   .   b - +0 robe
rPois    ∞         Reflect  .   (no helmet)
rElec    +         Harm     .   d - +1 cloak
rCorr    .         Rampage  .   (no gloves)
Will     .....                  (no boots)
Stlth    ++........             (no amulet)
HPRegen  0.13/turn              (no ring)
MPRegen  0.15/turn              (no ring)

@: no status effects
A: sickness immunity, AC +5, negative energy resistance 1, electricity
resistance, torment resistance 1, petrification resistance
a: no special abilities


You were on level 6 of the Dungeon.
You visited 2 branches of the dungeon, and saw 7 of its levels.

You collected 260 gold pieces.

Inventory:

Hand Weapons
 a - a +1 whip of draining (weapon)
Missiles
 c - 42 stones
Armour
 b - a +0 robe (worn)
 d - a +1 cloak (worn)
Scrolls
 e - 3 scrolls of identify
 f - a scroll of teleportation
 g - a scroll of magic mapping
 i - a scroll of amnesia
 m - a scroll of enchant armour
 p - a scroll of noise
Potions
 h - a potion of magic {unknown}
 j - a potion of might {unknown}
 k - a potion of resistance {unknown}
 s - a potion of degeneration
 t - a potion of attraction {unknown}


   Skills:
 + Level 0.0 Maces & Flails
 - Level 1.5 Dodging
 - Level 2.1 Stealth
 + Level 6.2 Spellcasting
 + Level 6.4 Conjurations
 - Level 0.7 Transmutations
 + Level 8.6 Earth Magic


You had 15 spell levels left.
You knew the following spells:

 Your Spells              Type           Power      Damage    Failure   Level
a - Sandblast             Erth           64%        2d14      1%          1
b - Stone Arrow           Conj/Erth      58%        3d10      1%          3

Your spell library contained the following spells:

 Spells                   Type           Power      Damage    Failure   Level
 Passwall                 Tmut/Erth      15%        N/A       3%          2
 Summon Small Mammal      Summ           16%        N/A       14%         1
 Petrify                  Tmut/Erth      19%        N/A       21%         4
 Call Canine Familiar     Summ           4%         N/A       38%         3
 Summon Guardian Golem    Hex/Summ       4%         N/A       38%         3


Dungeon Overview and Level Annotations

Branches:
Dungeon (6/15)             Temple (1/1) D:4

Altars:
Ashenzari
Elyvilon
Gozag
Hepliaklqana
Kikubaaqudgha
Makhleb
Nemelex Xobeh
Ru
Sif Muna
Trog
Wu Jian
Xom
Yredelemnul
Zin
The Shining One

Shops:
D:1 [

Annotations:
D:3 3 runed translucent doors, llamasofponies's ghost, amateur DrBe


Innate Abilities, Weirdness & Mutations

You are immune to sickness and miasma.
Your stone body is resilient. (AC +5)
You are immune to poison.
You resist negative energy. (rN+)
You are resistant to electric shocks. (rElec)
You are resistant to unholy torment.
You are immune to petrification.


Message History

The steam dragon is moderately wounded.
The steam dragon breathes steam at you. The ball of steam hits you.
Casting: Stone Arrow (safe; 1% risk of failure)
Confirm with . or Enter, or press ? or * to list all spells.
Aiming: Stone Arrow (safe; 1% risk of failure)
Press: ? - help, Shift-Dir - straight line, f/p - steam dragon
Aim: a steam dragon (steam, moderately wounded, catching its breath, 74% to hit)
The stone arrow hits the steam dragon!
The steam dragon is severely wounded.
You are engulfed in a cloud of scalding steam.
The steam dragon barely misses you.
The steam dragon claws you but does no damage.
Casting: Stone Arrow (safe; 1% risk of failure)
Confirm with . or Enter, or press ? or * to list all spells.
Aiming: Sandblast (safe; 1% risk of failure)
Press: ? - help, Shift-Dir - straight line, f/p - steam dragon
Aim: a steam dragon (steam, severely wounded, catching its breath, 82% to hit)
The blast of sand hits the steam dragon but does no damage.
The steam dragon is severely wounded.
You are engulfed in a cloud of scalding steam.
* * * LOW HITPOINT WARNING * * *
The steam dragon closely misses you.
The steam dragon claws you but does no damage.
You feel better.
You are engulfed in a cloud of scalding steam.
* * * LOW HITPOINT WARNING * * *
The steam dragon closely misses you. x2
You feel better.
You are engulfed in a cloud of scalding steam.
The steam dragon closely misses you. The steam dragon claws you.
* * * LOW HITPOINT WARNING * * *
Casting: Sandblast (safe; 1% risk of failure)
Confirm with . or Enter, or press ? or * to list all spells.
Okay, then.
It was a potion of degeneration.
There was something very wrong with that liquid.
You feel weakened.
You feel dopey.
You feel clumsy.
You are engulfed in a cloud of scalding steam.
You die...

......*#.# ##################
......##.#### #..,,,#####*******
............####.#**.....,,,,,,,,
...............#†# *.....********
............##.#.###..#*,* *
............##.#§§§...#*,********
.#.#...........§§§§...#*,,,,,,,,,
...#........##.###)#####********,
.#*#........#...@D.....# *, .*
#...........###.###.# *, ,*
###.##.#.#..# #.# *,* *, ,*
*,**,#...D# #.# *,* *, ,*
*,**,####.#*#.#**,*********, ,*
*,**,***#..,...,,,,,,,,,,,,,
******>,,,,,,,,,*#.#**,***,,****,
≈≈≈,*****,*****,*#.#**,* *,,* *,
,,,,*,,,,,* *,**,,,*,***,,*****


You could see a steam dragon.

Vanquished Creatures
  Sigmund (D:4)
  Eustachio (D:4)
  A steam dragon (D:4)
  Menkaure (D:4)
  An orc warrior (D:6)
  2 necrophages
  2 phantoms (D:6)
  3 scorpions
  2 vampire bats (D:5)
  3 jellies
  A centaur zombie (D:5)
  An orc priest (D:6)
  Crazy Yiuf (D:5)
  Ijyb (D:3)
  An iguana (D:5)
  3 gnolls
  3 adders
  2 white imps (D:5)
  An ufetubus (D:4)
  A worm (D:4)
  2 dart slugs
  10 orcs
  10 ball pythons
  11 bats
  6 endoplasms
  5 giant cockroaches
  6 goblins
  7 hobgoblins (D:1)
  5 kobolds
  4 quokkas
  2 frilled lizards
  5 rats
105 creatures vanquished.

Vanquished Creatures (others)
  3 fungi (D:3)
  A plant (D:3)
4 creatures vanquished.

Grand Total: 109 creatures vanquished

Notes
Turn   | Place    | Note
-------+----------+-------------------------------------------
     0 | D:1      | cummra the Gargoyle Earth Elementalist began the quest for
                  | the Orb.
     0 | D:1      | Reached XP level 1. HP: 10/10 MP: 3/3
   166 | D:1      | Reached XP level 2. HP: 15/15 MP: 5/5
   167 | D:1      | Reached skill level 4 in Earth Magic
   695 | D:1      | Reached XP level 3. HP: 19/19 MP: 3/6
   764 | D:1      | Learned a level 3 spell: Stone Arrow
  1037 | D:1      | Found Feuxke's Antique Armour Emporium.
  1352 | D:2      | Found a faded altar of an unknown god.
  1898 | D:3      | Reached skill level 1 in Conjurations
  1898 | D:3      | Reached XP level 4. HP: 15/24 MP: 4/8
  2112 | D:3      | Noticed Ijyb
  2137 | D:3      | Killed Ijyb
  2138 | D:3      | Reached skill level 5 in Earth Magic
  2138 | D:3      | Reached XP level 5. HP: 12/28 MP: 0/10
  2773 | D:3      | Found a runed translucent gate.
  2773 | D:3      | Found a runed translucent gate.
  2773 | D:3      | Found a runed translucent gate.
  2773 | D:3      | Noticed a kobold brigand
  2774 | D:3      | Noticed llamasofponies's ghost (amateur DrBe)
  3115 | D:4      | Found a staircase to the Ecumenical Temple.
  3122 | D:4      | You fall into a shaft and drop 1 floor!
  3122 | D:5      | Entered Level 5 of the Dungeon
  3122 | D:5      | Found a white marble altar of Elyvilon.
  3157 | D:5      | Found a white marble altar of Elyvilon.
  3174 | D:5      | Noticed a necrophage
  3376 | Temple   | Entered the Ecumenical Temple
  3738 | D:4      | Noticed Menkaure
  3748 | D:4      | Killed Menkaure
  3749 | D:4      | Reached XP level 6. HP: 10/32 MP: 3/11
  4046 | D:4      | Noticed a steam dragon
  4061 | D:4      | Killed a steam dragon
  4062 | D:4      | Reached skill level 6 in Earth Magic
  4178 | D:4      | Noticed Eustachio
  4198 | D:4      | Noticed Sigmund
  4239 | D:4      | Reached XP level 7. HP: 21/36 MP: 6/13
  4666 | D:4      | Killed Eustachio
  4708 | D:4      | Killed Sigmund
  4709 | D:4      | Reached skill level 5 in Spellcasting
  4709 | D:4      | Reached skill level 7 in Earth Magic
  4965 | D:5      | Reached skill level 5 in Conjurations
  4965 | D:5      | Reached XP level 8. HP: 41/41 MP: 0/15
  5487 | D:5      | Found a runed translucent door.
  5488 | D:5      | Noticed Crazy Yiuf
  5911 | D:5      | Killed Crazy Yiuf
  6018 | D:6      | Reached skill level 8 in Earth Magic
  6536 | D:6      | HP: 1/41 [steam dragon] (11)]
  6538 | D:6      | Engulfed by a steam dragon's steam

Illustrated notes

Levels and vault maps discovered:
D:1:      dpeg_arrival_stonehenge_8_columns, layout_basic, serial_shops,
          shop_fountains, hangedman_decor_growths, minmay_misc_feat_chi
D:2:      layout_basic, shapermc_ecumenical_altar_mp_ritualfount,
          serial_bayou_pond_e
D:3:      layout_basic, gammafunk_ghost_nasty_kobolds, uniq_ijyb
D:4:      layout_loops_corners, minmay_temple_entry_wispy, uniq_eustachio,
          uniq_menkaure, uniq_sigmund
D:5:      layout_loops_ring, elyvilon_altar_5, kennysheep_flooded_box,
          roderic_batcave, uniq_crazy_yiuf_cottage
D:6:      layout_loops_ring, nicolae_uskayaw_suspiria
Temple:   zaba_magenta_temple

Skill      XL: |  1  2  3  4  5  6  7  8 |
---------------+-------------------------+-----
Earth Magic    | 4 5 6 7 8 |  8.6
Spellcasting   | 3 4 5 6 |  6.2
Conjurations   | 1 2 3 5 6 |  6.4
Dodging        | |  1.5
Stealth        | |  2.1
Transmutations | |  0.7

Action                   |  1- 3 |  4- 6 |  7- 9 || total
-------------------------+-------+-------+-------++-------
Melee: Whip              |    83 |    74 |    44 ||   201
 Cast: Sandblast         |    26 |    36 |     7 ||    69
       Stone Arrow       |       |     4 |    49 ||    53
Evoke: Wand              |       |       |     3 ||     3
  Use: Scroll            |       |       |    11 ||    11
       Potion            |       |       |     3 ||     3
 Stab: Sleeping          |     3 |     2 |       ||     5
       Distracted        |       |     1 |       ||     1
Armor: Robe              |    53 |    43 |    64 ||   160
Dodge: Dodged            |    50 |    65 |    53 ||   168
